 Dungeon Crawl Stone Soup version 0.32-a0-675-gdc239d62e1 (webtiles) character file.

Game seed: 10724711866230752835

253 BeKind the Chiller (level 6, -1/36 HPs)
             Began as an Octopode Ice Elementalist on Mar 11, 2024.
             Succumbed to a goblin's poison
             ... on level 4 of the Dungeon.
             The game lasted 00:04:24 (2606 turns).

BeKind the Chiller (Octopode Ice Elementalist)      Turns: 2606, Time: 00:04:25

Health: -1/36      AC:  1    Str:  7    XL:     6   Next: 14%
Magic:  7/10       EV: 18    Int: 19    God:
Gold:   135        SH:  4    Dex: 13    Spells: 4/11 levels left

rFire   . . .        o - +0 dagger (vamp)
rCold   . . .        f - +0 buckler
rNeg    . . .        (helmet restricted)
rPois   .            (no amulet)
rElec   .            b - +5 ring of evasion
rCorr   .            (no ring)
SInv    .            (no ring)
Will    .....        (no ring)
Stlth   +++          (no ring)
HPRegen 0.26/turn    (no ring)
MPRegen 0.12/turn    (no ring)
                     (no ring)

%: no passive effects
@: lethally poisoned (-1 -> -21)
A: almost no armour, amphibious, 8 rings, camouflage 1, gelatinous body 1,
(nimble swimmer 1), tentacles
a: no special abilities


You were on level 4 of the Dungeon.
You visited 1 branch of the dungeon, and saw 4 of its levels.

You collected 135 gold pieces.

Inventory:

Hand Weapons
 e - a +0 dagger
 o - a +0 vampiric dagger (weapon)
Armour
 f - a +0 buckler (worn)
Jewellery
 b - a +5 ring of evasion (left tentacle)
Wands
 i - a wand of roots (6)
Scrolls
 c - 5 scrolls of identify {unknown}
 d - a scroll of amnesia {unknown}
 g - a scroll of noise {unknown}
 j - a scroll of poison {unknown}
 k - 3 scrolls of teleportation {unknown}
 l - a scroll of fog {unknown}
 m - a scroll of vulnerability {unknown}
 n - a scroll of butterflies {unknown}
Potions
 a - 2 potions of magic


   Skills:
 + Level 3.3 Dodging
 - Level 3.0 Stealth
 * Level 3.0 Shields
 + Level 3.1 Spellcasting
 + Level 4.8 Ice Magic


You had 4 spell levels left.
You knew the following spells:

 Your Spells              Type           Power      Damage    Failure   Level
a - Freeze                Ice            84%        1d9       3%          1
b - Frozen Ramparts       Ice            42%        1d7       10%         3
c - Summon Ice Beast      Ice/Summ       12%        N/A       26%         3

Your spell library contained the following spells:

 Spells                   Type           Power      Damage    Failure   Level
 Ozocubu's Armour         Ice            21%        N/A       10%         3


Dungeon Overview and Level Annotations

Branches:
Dungeon (4/15)
 Temple: D:4-7

Altars:
Ashenzari
Dithmenos
Uskayaw

Shops:
D:1 !


Innate Abilities, Weirdness & Mutations

You cannot wear most types of armour.
You are amphibious.
You can wear up to eight rings at the same time.
Your skin changes colour to match your surroundings (Stealth+).
Your rubbery body absorbs attacks. (AC +1, EV +1)
((You are camouflaged when in or above water. (Stealth+)))
You have tentacles for arms and can constrict up to eight enemies at once.


Message History

a hobgoblin corpse; a hobgoblin corpse; a hobgoblin corpse
Found an escape hatch in the floor.
The goblin shoots a sling bullet.
You block the sling bullet.
You see here a +0 club.
The goblin shoots a sling bullet.
The sling bullet hits you.
The goblin hits you with a +2 dagger of venom.
You are poisoned.
The goblin shoots a sling bullet.
The sling bullet hits you.
You hit the goblin.
You feel better.
Your grab misses the goblin.
The goblin is moderately wounded.
You feel very sick. The goblin closely misses you.
The goblin shoots a sling bullet.
The sling bullet hits you.
You closely miss the goblin. Your grab misses the goblin.
Your squeeze misses the goblin.
The goblin is moderately wounded.
You feel sick.
The goblin hits you with a +2 dagger of venom.
You are more poisoned.
The goblin shoots a sling bullet.
The sling bullet hits you.
You feel very sick.
The goblin shoots a sling bullet.
The sling bullet closely misses you. You block the goblin's attack.
You see here a hobgoblin corpse.
* * * LOW HITPOINT WARNING * * *
You feel very sick. The goblin attacks as it pursues you!
The goblin hits you with a +2 dagger of venom.
* * * LOW HITPOINT WARNING * * *
You are more poisoned.
Casting: Freeze (safe; 3% risk of failure)
Confirm with . or Enter, or press ? or * to list all spells.
You don't know that spell.
Okay, then.
Okay, then.
Okay, then.
As you read the scroll labelled MUEGOVUBERCH, it crumbles to dust.
You assume a fearsome visage.
The goblin looks frightened! x2
It was a scroll of fear.
You die...

##. ... #..# #........
#..... ##.###...†....
..... #.##..##..###
.......##.#..###†.###
.....<...###).....
..###...# #.###..
##...###)# ###
#.###########..#...))#####
#.......g@†.#..###..).....
##......)#....# #[.......
#.......##...# #........
#.......#.##.# #........
#....~..#. #.# #........
#~≈≈≈≈~.## ..# #..o.....
#≈≈≈g≈≈≈# ..# .........
####'#### ............ #>
#>


You could see 2 goblins.

Vanquished Creatures
  An orc priest (D:3)
  A hound (D:4)
  2 orc wizards
  4 gnolls (D:4)
  2 adders
  A ribbon worm (D:3)
  7 orcs
  10 bats
  7 endoplasms
  6 giant cockroaches
  5 goblins
  8 hobgoblins
  6 kobolds
  2 quokkas
  6 ball pythons
  3 frilled lizards
  4 rats
75 creatures vanquished.

Notes
Turn   | Place    | Note
-------+----------+-------------------------------------------
     0 | D:1      | BeKind the Octopode Ice Elementalist began the quest for
                  | the Orb.
     0 | D:1      | Reached XP level 1. HP: 11/11 MP: 3/3
    97 | D:1      | Reached XP level 2. HP: 16/17 MP: 0/5
   449 | D:1      | Found Wiadd's Distillery.
   670 | D:2      | Reached XP level 3. HP: 21/21 MP: 6/6
   840 | D:2      | Identified the +9 sling "Agheeqer" {antimagic, rCorr Dex+2
                  | SInv Stlth+}
  1139 | D:3      | Reached skill level 1 in Shields
  1160 | D:3      | Found a broken altar of Ashenzari.
  1182 | D:3      | Reached XP level 4. HP: 26/27 MP: 7/7
  1470 | D:3      | Found a shadowy altar of Dithmenos.
  1498 | D:3      | Learned a level 3 spell: Frozen Ramparts
  1579 | D:3      | Found a hide-covered altar of Uskayaw.
  2027 | D:3      | Learned a level 3 spell: Summon Ice Beast
  2074 | D:3      | Reached XP level 5. HP: 27/31 MP: 3/9
  2530 | D:4      | Reached XP level 6. HP: 27/36 MP: 10/10
  2606 | D:4      | Succumbed to a goblin's poison

Illustrated notes

Levels and vault maps discovered:
D:1:      shiori_arrival_whats_in_store_for_you, layout_basic, serial_shops,
          nicolae_shop_tiny_statue_garden, nicolae_shop_back_alley_shop, shop,
          nicolae_shop_behind_doors, nicolae_shop_hallway_plus,
          chequers_hall_statues_corner_a, st_stairs_2,
          kennysheep_decorative_pillar
D:2:      layout_rooms
D:3:      layout_loops_corners, evilmike_ruin_ashenzari,
          grunt_temple_overflow_open
D:4:      layout_rooms, minmay_goblin_outpost

Skill      XL: |  1  2  3  4  5 |
---------------+----------------+-----
Stealth        | 3 |  3.0
Shields        | 1 2 3 |  3.0
Dodging        | 3 |  3.3
Spellcasting   | 3 |  3.1
Ice Magic      | |  4.8

Action                     |  1- 3 |  4- 6 || total
---------------------------+-------+-------++-------
  Melee: Unarmed           |    11 |       ||    11
         Tentacles         |    15 |     4 ||    19
         Constrict         |    18 |     8 ||    26
         Dagger            |    47 |    37 ||    84
         Punch             |     1 |       ||     1
   Cast: Freeze            |    16 |    17 ||    33
         Frozen Ramparts   |       |     6 ||     6
    Use: Scroll            |       |     1 ||     1
   Stab: Sleeping          |     6 |     3 ||     9
 Armour: Skin              |    29 |    31 ||    60
  Dodge: Dodged            |    44 |    35 ||    79
  Block: Buckler           |       |     2 ||     2

Table legend: (Time is in decaauts)
 A = Elapsed time spent in this place.
 B = Non-inter-level travel time spent in this place.
 C = Inter-level travel time spent in this place.
 D = Time resting spent in this place.
 E = Time spent auto-exploring this place.
 F = Levels seen in this place.
 G = Mean time per level.
                   A        B        C        D        E       F      G
               +--------+--------+--------+--------+--------+-----+--------+
         Total |   2607 |   2536 |     71 |    248 |   1785 |   4 |  651.8 |
       Dungeon |   2607 |   2536 |     71 |    248 |   1785 |   4 |  651.8 |
               +--------+--------+--------+--------+--------+-----+--------+

Top non-repeatable levels by time:
     D:3: 1282 daAuts
     D:1: 559 daAuts
     D:2: 453 daAuts
     D:4: 311 daAuts
